 Dungeon Crawl Stone Soup version 0.29-a0-664-gff9cad4a3d (webtiles) character file.

Game seed: 2291574239539488518

1292 DocClef the Cleaver (level 8, -4/65 HPs)
             Began as a Formicid Fighter on June 22, 2022.
             Killed from afar by an orc wizard (8 damage)
             ... with a puff of flame
             ... on level 6 of the Dungeon.
             The game lasted 00:04:50 (7076 turns).

DocClef the Cleaver (Formicid Fighter)              Turns: 7076, Time: 00:04:51

Health: -4/65      AC:  6    Str: 22    XL:     8   Next: 86%
Magic:  8/8        EV:  9    Int:  9    God:
Gold:   299        SH:  5    Dex: 13    Spells: 7/7 levels left

rFire   . . .      SeeInvis +   a - +0 war axe
rCold   . . .      Faith    .   c - +0 buckler
rNeg    . . .      Spirit   .   b - +0 scale mail
rPois   .          Reflect  .   (helmet unavailable)
rElec   .          Harm     .   s - scarf {shadows}
rCorr   .          Rampage  .   (no gloves)
Will    .....                   (no boots)
Stlth   ..........              u - amulet of magic regeneration
HPRegen 0.20/turn               (no ring)
MPRegen 0.51/turn               (no ring)

@: attractive
A: permanent stasis, dig shafts and tunnels, antennae 3, four strong arms
a: Dig, Shaft Self


You were on level 6 of the Dungeon.
You visited 1 branch of the dungeon, and saw 6 of its levels.

You collected 299 gold pieces.

Inventory:

Hand Weapons
 a - a +0 war axe (weapon)
Missiles
 v - a throwing net
Armour
 b - a +0 scale mail (worn)
 c - a +0 buckler (worn)
 s - a scarf of shadows (worn)
Jewellery
 u - an amulet of magic regeneration (around neck)
Wands
 o - a wand of iceblast (9)
 r - a wand of charming (10)
 A - a wand of polymorph (11)
Scrolls
 e - a scroll of vulnerability {unknown}
 f - 2 scrolls of fear {unknown}
 g - 3 scrolls of teleportation {unknown}
 i - 2 scrolls of fog {unknown}
 k - 3 scrolls of identify {unknown}
 l - 3 scrolls of poison {unknown}
 m - a scroll of amnesia {unknown}
 p - a scroll of enchant armour {unknown}
 q - a scroll of noise {unknown}
 x - a scroll of summoning {unknown}
 y - a scroll of immolation {unknown}
Potions
 d - 2 potions of might
 j - a potion of ambrosia {unknown}
 n - 2 potions of heal wounds {unknown}
 t - a potion of invisibility {unknown}
 w - 2 potions of resistance {unknown}
 z - a potion of degeneration {unknown}


   Skills:
 - Level 6.9 Fighting
 + Level 8.7 Axes
 - Level 3.2 Armour
 - Level 4.0 Shields


You had 7 spell levels left.
You didn't know any spells.
Your spell library contained the following spells:

 Spells                   Type           Power      Damage    Failure   Level
 Apportation              Tloc           0%         N/A       78%         1
 Beastly Appendage        Tmut           0%         N/A       78%         1
 Necrotize                Necr           0%         1d4       78%         1
 Summon Small Mammal      Summ           0%         N/A       78%         1
 Wereblood                Tmut           0%         N/A       89%         2
 Lesser Beckoning         Tloc           0%         N/A       98%         3
 Ozocubu's Armour         Ice            0%         N/A       98%         3
 Spider Form              Tmut/Pois      0%         N/A       98%         3
 Airstrike                Air            0%         N/A       100%        4
 Summon Lightning Spire   Summ/Air       0%         N/A       100%        4
 Freezing Cloud           Conj/Ice/Air   0%         6-21      100%        5
 Lightning Bolt           Conj/Air       0%         1d11      100%        5
 Silence                  Hex/Air        0%         N/A       100%        5
 Dispersal                Tloc           0%         N/A       100%        6
 Malign Gateway           Summ/Tloc      0%         N/A       100%        7
 Ozocubu's Refrigeration  Ice            0%         4d5       100%        7
 Summon Horrible Things   Summ           0%         N/A       100%        8


Dungeon Overview and Level Annotations

Branches:
Dungeon (6/15)
 Temple: D:4-7

Altars:
Qazlal

Shops:
D:4 *


Innate Abilities, Weirdness & Mutations

You cannot be hasted, slowed, berserked, paralysed or teleported.
You can dig through walls and to a lower floor.
You have a pair of large antennae on your head. (SInv)
Your four strong arms can wield two-handed weapons with a shield.


Message History

The orc wizard flickers and vanishes for a moment.
The orc attacks as you move away! The orc hits you with a +0 mace.
The orc wizard hits you with a +0 dagger.
The orc barely misses you.
The orc wizard points at you and mumbles some strange words.
The puff of flame hits you!
You miss the orc wizard.
The orc wizard is severely wounded.
You miss the orc wizard. You slash the orc!
You kill the orc!
You closely miss the orc.
You feel less confused. The orc hits you but does no damage.
The orc wizard points at you and mumbles some strange words.
The puff of flame hits you.
The orc wizard gestures at you while chanting.
The magic dart hits you.
You barely miss the orc wizard. You hit the orc. x2
You hit the orc wizard but do no damage.
You block the orc's attack.
The orc wizard hits you but does no damage.
The orc wizard casts a spell at you. The magic dart hits you!
* * * LOW HITPOINT WARNING * * *
The orc hits you with a +0 mace.
* * * LOW HITPOINT WARNING * * *
Unknown command.
It was a potion of attraction.
You feel attractive to monsters.
The orc hits you with a +0 dagger of pain.
* * * LOW HITPOINT WARNING * * *
The orc wizard hits you but does no damage.
The orc hits you but does no damage. The orc wizard completely misses you.
You closely miss the orc wizard. You barely miss the orc wizard.
You barely miss the orc. You closely miss the orc. The orc closely misses you.
The orc hits you with a +0 mace.
* * * LOW HITPOINT WARNING * * *
The orc wizard gestures at you while chanting.
The puff of flame hits you!
You die...

###....###..##........
##......##.............
.............#.........
##......##.###.....#...
#.......#....# ..### .
#...........## .## #..
#......##..# . #...
###...o.#...# ....
###@o....## ##..
#oo..(..# ..#...
#......... ...#...
........... .......
.....##...... ........
...... .#.... ........
.....# .##.. ........
..... . .. .......†
........


You could see 2 orc wizards and 2 orcs.

Vanquished Creatures
  2 black bears
  2 ogres (D:5)
  3 phantoms
  A howler monkey (D:6)
  3 jellies
  2 orc priests
  2 hounds
  Jessica (D:3)
  7 iguanas
  3 orc wizards
  3 gnolls (D:4)
  4 adders
  A shadow imp (D:6)
  An ufetubus (D:5)
  4 worms
  2 dart slugs
  11 orcs
  10 bats
  7 endoplasms
  2 giant cockroaches (D:4)
  8 goblins
  4 hobgoblins
  7 jackals (D:2)
  4 quokkas
  7 ball pythons
  6 frilled lizards
  6 kobolds
  5 rats
118 creatures vanquished.

Notes
Turn   | Place    | Note
-------+----------+-------------------------------------------
     0 | D:1      | DocClef the Formicid Fighter began the quest for the Orb.
     0 | D:1      | Reached XP level 1. HP: 18/18 MP: 1/1
   190 | D:1      | Reached XP level 2. HP: 22/25 MP: 2/2
   549 | D:1      | You fall into a shaft and drop 1 floor!
   606 | D:2      | Reached XP level 3. HP: 24/31 MP: 3/3
   871 | D:1      | Found a faded altar of an unknown god.
  1357 | D:2      | Reached skill level 5 in Fighting
  1668 | D:2      | Reached XP level 4. HP: 39/39 MP: 4/4
  2223 | D:3      | Noticed Jessica
  2229 | D:3      | Killed Jessica
  2441 | D:3      | Reached XP level 5. HP: 46/46 MP: 5/5
  2857 | D:4      | Found Josuid's General Store.
  3172 | D:4      | Reached XP level 6. HP: 40/53 MP: 6/6
  3352 | D:4      | Found a stormy altar of Qazlal.
  4152 | D:4      | Identified the +2 robe of the Tarantula {rF+ Str-4 Stlth+}
  4167 | D:5      | Entered Level 5 of the Dungeon
  4178 | D:4      | Reached skill level 3 in Axes
  4683 | D:5      | Reached skill level 4 in Axes
  4683 | D:5      | Reached XP level 7. HP: 30/59 MP: 7/7
  4886 | D:5      | Reached skill level 5 in Axes
  5201 | D:5      | Reached skill level 6 in Axes
  5237 | D:5      | Reached XP level 8. HP: 53/65 MP: 8/8
  5829 | D:5      | Got the Collected Works on the Unstable Birds
  5929 | D:5      | Reached skill level 7 in Axes
  6485 | D:6      | Reached skill level 8 in Axes
  7076 | D:6      | Killed from afar by an orc wizard

Illustrated notes

Levels and vault maps discovered:
D:1:      matt_arrival_spirals, layout_basic,
          shapermc_ecumenical_altar_mp_vishouse,
          nicolae_concentric_dashed_squares_wild
D:2:      layout_loops_ring, minmay_ruptured
D:3:      layout_loops_ring, uniq_jessica
D:4:      layout_loops_ring, grunt_qazlal_clouds, serial_shops, shop_fountains
D:5:      layout_layer_cave
D:6:      layout_cave_pools, minmay_temple_entry_hall

Skill      XL: |  1  2  3  4  5  6  7  8 |
---------------+-------------------------+-----
Fighting       | 4 5 6 |  6.9
Axes           | 4 6 8 |  8.7
Armour         | |  3.2
Shields        | |  4.0

Action                   |  1- 3 |  4- 6 |  7- 9 || total
-------------------------+-------+-------+-------++-------
Melee: War axe           |    90 |   165 |   130 ||   385
  Use: Potion            |     2 |       |     1 ||     3
Armor: Scale mail        |    40 |    67 |    40 ||   147
Dodge: Dodged            |    45 |    90 |    60 ||   195
Block: Buckler           |    23 |    48 |    34 ||   105

Table legend: (Time is in decaauts)
 A = Elapsed time spent in this place.
 B = Non-inter-level travel time spent in this place.
 C = Inter-level travel time spent in this place.
 D = Time resting spent in this place.
 E = Time spent auto-exploring this place.
 F = Levels seen in this place.
 G = Mean time per level.
                   A        B        C        D        E       F      G
               +--------+--------+--------+--------+--------+-----+--------+
         Total |   7206 |   6957 |    249 |    856 |   5116 |   6 | 1201.0 |
       Dungeon |   7206 |   6957 |    249 |    856 |   5116 |   6 | 1201.0 |
               +--------+--------+--------+--------+--------+-----+--------+

Top non-repeatable levels by time:
     D:5: 1880 daAuts
     D:4: 1321 daAuts
     D:1: 1221 daAuts
     D:2: 1063 daAuts
     D:3: 992 daAuts
     D:6: 728 daAuts
